Map: Ruines d’Endion

Players

zidar

  • Race: Zerg Zerg
  • League: Silver
  • Spawn Location: 5:00

sesikos - Winner!

  • Race: Terran Terran
  • League: Silver
  • Spawn Location: 7:00

VOD

Have the link to the VOD?

Description

Time

  • Played on: May 11, 2016, noon
  • Length: 23:15
Show
View Real Time Build Order
Export as new Build Order

zidar Zerg 

Build Orders: Hatch First 

Get SALT Encoding   

  12  0:02  Drone  
  13  0:07  Drone  
  14  0:16  Extractor  
  14  0:17  Drone  
  15  0:22  Overlord  
  15  0:48  Hatchery  
  14  0:50  Drone  
  14  0:54  Drone  
  16  0:57  Drone  
  17  1:15  Spawning Pool  
  17  1:16  Drone  
  17  1:27  Drone x2  
  19  1:34  Overlord  
  19  1:41  Extractor  
  19  1:45  Drone  
  19  1:57  Drone  
  20  2:02  Queen x2  
  24  2:11  Roach Warren  
  24  2:12  Drone  
  24  2:16  Extractor, Drone  
  24  2:20  Drone  
  25  2:23  Drone  
  26  2:51  Roach x5  
  36  3:02  Overlord  
  36  3:21  Overlord  
  36  3:24  Roach x4  
  44  3:45  Ravager x2  
  46  3:57  Ravager  
  46  4:00  Ravager  
  48  4:03  Roach  
  50  4:32  Overlord x2  
  50  4:33  Overlord  
  50  4:44  Overlord  
  39  5:28  Roach x13  
  65  5:41  Ravager x2  
  65  5:44  Drone x2  
  67  5:59  Ravager x2  
  69  6:09  Hatchery  
  68  6:19  Zergling x2  
  68  6:21  Pneumatized Carapace  
  66  6:53  Drone x10  
  76  7:01  Overlord x2  
  76  7:06  Lair  
  76  7:14  Extractor  
  75  7:17  Queen, Extractor  
  75  7:20  Drone x6  
  75  7:21  Drone x2  
  84  7:55  Overlord x2  
  80  8:09  Drone x9  
  89  8:13  Queen  
  89  8:15  Overlord  
  89  8:16  Overlord x2  
  91  8:23  Spire  
  90  8:45  Drone x2  
  90  8:46  Drone  
  86  8:56  Overseer  
  84  9:38  Mutalisk x10  
  104  9:52  Extractor  
  103  9:56  Extractor  
  102  10:23  Roach x10  
  102  10:24  Roach x3  
  102  10:27  Overlord x6  
  129  10:50  Ravager  
  129  10:51  Ravager x5  
  129  10:56  Drone x2  
  129  10:57  Drone x7  
  118  11:23  Roach x6  
  130  11:36  Ravager x3  
  133  11:49  Overseer  
  69  13:04  Roach  
  69  13:05  Roach x17  
  87  13:41  Roach  
  87  13:42  Roach x11  
  87  13:45  Ravager x6  
  87  13:47  Ravager  
  118  13:56  Hatchery  
  117  14:10  Roach  
  117  14:11  Roach x10  
  139  14:24  Infestation Pit  
  138  14:40  Corruptor x2  
  138  14:41  Mutalisk  
  144  14:50  Ravager  
  145  14:56  Overseer  
  145  15:39  Corruptor x2  
  145  15:40  Corruptor x3  
  145  15:41  Corruptor  
  157  15:53  Drone x2  
  157  15:54  Drone  
  160  15:58  Hive  
  88  17:06  Roach x5  
  88  17:07  Roach x8  
  98  17:08  Corruptor  
  98  17:09  Corruptor x3  
  98  17:10  Corruptor x3  
  92  17:18  Roach  
  92  17:19  Roach x6  
  106  17:29  Evolution Chamber  
  105  17:32  Evolution Chamber  
  106  17:51  Roach x9  
  106  17:52  Roach x9  
  106  17:54  Roach  
  142  18:05  Zerg Ground Armor Level 1  
  142  18:38  Ravager x5  
  147  18:45  Overseer x3  
  147  18:58  Corruptor x2  
  151  19:34  Ravager  
  152  19:40  Extractor  
  152  19:41  Extractor  
  150  20:01  Overlord x3  
  150  20:02  Overlord x3  
  128  21:10  Corruptor x2  
  128  21:11  Corruptor x3  
  132  21:12  Corruptor x4  
  132  21:13  Corruptor x2  
  132  21:14  Corruptor x4  
  132  21:15  Corruptor  
  132  21:16  Corruptor  
  162  21:54  Greater Spire  
  162  22:02  Hatchery  
  161  22:30  Roach x6  
  161  22:31  Roach x8  
  161  22:36  Ravager  
  190  22:40  Hatchery  
Show
View Real Time Build Order
Export as new Build Order

sesikos Terran - Winner!

Build Orders:  

Get SALT Encoding   

  12  0:03  SCV  
  13  0:15  SCV  
  14  0:23  Supply Depot  
  14  0:27  SCV  
  15  0:33  Refinery  
  15  0:37  Refinery  
  15  0:45  SCV  
  16  0:55  Barracks  
  16  0:59  SCV  
  17  1:12  SCV  
  18  1:21  Supply Depot  
  18  1:26  SCV  
  19  1:38  SCV  
  20  1:43  Marine  
  21  1:48  Factory  
  21  2:00  SCV  
  22  2:09  Factory  
  22  2:12  SCV  
  23  2:24  SCV  
  23  2:27  Marine  
  25  2:35  Factory Tech Lab, Starport  
  25  2:52  Factory Reactor  
  25  3:00  Siege Tank  
  25  3:01  Supply Depot  
  28  3:08  Orbital Command  
  28  3:13  Starport Reactor  
  28  3:16  Marine  
  33  3:38  Widow Mine  
  33  3:39  Widow Mine  
  33  3:50  Supply Depot  
  33  3:55  Medivac x2  
  37  4:00  Starport  
  33  4:28  Siege Tank  
  40  4:38  Widow Mine x2  
  40  4:46  Starport Tech Lab  
  40  4:51  Supply Depot  
  40  5:00  Siege Tank  
  40  5:13  Supply Depot  
  39  5:28  Liberator  
  36  5:32  Siege Tank  
  40  5:57  Engineering Bay  
  40  5:59  Supply Depot  
  40  6:14  Siege Tank  
  43  6:23  Supply Depot  
  39  6:37  Liberator  
  39  6:41  Marine  
  40  6:59  Marine  
  48  7:09  Missile Turret  
  48  7:10  Widow Mine x2  
  48  7:17  Marine  
  49  7:34  Marine  
  50  7:51  Liberator x2  
  50  7:52  Marine  
  58  8:15  Sensor Tower  
  58  8:18  Widow Mine x2  
  58  8:43  Liberator  
  58  8:45  Liberator  
  62  9:52  Command Center  
  52  11:08  Planetary Fortress  
  49  11:32  Liberator  
  49  11:33  Liberator  
  49  11:43  Refinery  
  49  11:52  Banshee  
  49  11:54  Cloaking Field  
  58  11:56  Fusion Core, Refinery  
  58  12:03  Missile Turret  
  58  12:08  Missile Turret  
  58  12:13  SCV  
  58  12:15  SCV  
  60  12:18  Marine  
  61  12:25  SCV  
  61  12:27  SCV  
  61  12:29  Missile Turret  
  63  12:35  Banshee  
  63  12:36  Marine  
  67  12:37  SCV  
  67  12:39  SCV  
  59  12:49  SCV  
  60  12:51  SCV  
  60  12:53  Marine  
  55  13:02  SCV  
  55  13:03  SCV  
  57  13:11  Marine  
  58  13:13  Hyperflight Rotors  
  58  13:17  Banshee  
  58  13:18  Starport  
  61  13:22  Starport  
  61  13:29  Marine  
  66  13:36  Widow Mine  
  66  13:37  Widow Mine, SCV  
  67  13:48  Missile Turret  
  67  13:49  SCV  
  68  14:00  Banshee  
  68  14:01  SCV  
  76  14:05  Widow Mine x2  
  76  14:07  Command Center  
  76  14:13  SCV  
  77  14:22  Starport Tech Lab  
  79  14:32  Starport Tech Lab  
  79  14:33  Widow Mine  
  79  14:40  Command Center  
  79  14:42  Refinery  
  79  14:43  Refinery, Banshee  
  82  14:45  Missile Turret  
  82  14:49  Missile Turret  
  82  14:59  Banshee  
  85  15:04  Supply Depot  
  85  15:11  Supply Depot  
  85  15:15  Supply Depot  
  85  15:18  Banshee  
  88  15:27  Supply Depot  
  88  15:32  Missile Turret  
  88  15:35  Missile Turret  
  88  15:36  Missile Turret  
  88  15:37  Missile Turret  
  88  15:39  Missile Turret  
  88  15:41  SCV  
  89  15:51  Banshee  
  89  15:52  Banshee  
  95  15:58  Planetary Fortress  
  95  16:05  Missile Turret  
  75  17:27  SCV  
  76  17:39  SCV  
  76  17:42  Armory x2  
  76  17:43  Banshee  
  76  17:44  Banshee x2  
  83  17:51  SCV  
  87  17:52  Planetary Fortress  
  91  18:03  Widow Mine x2, SCV  
  91  18:04  Marine  
  93  18:11  Missile Turret  
  93  18:15  SCV  
  94  18:22  Marine  
  95  18:29  SCV  
  96  18:38  Supply Depot  
  96  18:39  Terran Ship Weapons Level 1, Terran Vehicle And Ship Armor Level 1  
  96  18:40  Marine  
  97  18:41  SCV  
  98  18:53  Missile Turret, SCV  
  98  18:54  Missile Turret  
  99  18:55  Missile Turret  
  99  18:56  Missile Turret, SCV  
  99  18:58  Marine  
  101  19:03  Refinery  
  101  19:04  Refinery  
  101  19:06  Liberator x2, SCV  
  101  19:08  SCV  
  103  19:16  Marine  
  104  19:18  SCV  
  104  19:20  SCV  
  112  19:30  SCV  
  113  19:32  SCV  
  113  19:36  Refinery  
  113  19:37  Refinery  
  114  19:39  SCV  
  114  19:44  SCV  
  116  19:48  SCV  
  116  19:51  SCV  
  118  19:54  Missile Turret  
  118  19:56  SCV  
  118  19:58  Missile Turret  
  119  20:00  SCV  
  119  20:03  SCV  
  121  20:08  SCV  
  121  20:12  SCV  
  123  20:15  SCV  
  123  20:20  SCV  
  125  20:28  SCV  
  126  20:29  Liberator x5  
  126  21:01  Missile Turret x2  
  126  21:03  Missile Turret  
  125  21:07  Missile Turret  
  125  21:09  Missile Turret  
  125  21:14  SCV  
  126  21:26  SCV  
  126  21:31  Sensor Tower  
  127  21:32  Liberator  
  127  21:33  Liberator  
  127  21:38  SCV  
  128  21:50  SCV  
  135  22:03  SCV  
  135  22:04  Supply Depot  
  135  22:05  Supply Depot  
  136  22:10  Banshee  
  139  22:25  Banshee x2  
  139  22:26  Supply Depot  
  139  22:28  Supply Depot  
  145  23:01  Supply Depot  
  145  23:02  Supply Depot  
Tags
 
Add a new tag
Caveats
  • Supply blocks, unpowered buildings, or Contaminate may cause inaccurate times.
  • Supply counts are checked every 10 seconds.